 Dungeon Crawl Stone Soup version 0.21.1-1-g345015f (webtiles) character file.

32998 eccles the Severer (level 13, -16/117 HPs)
             Began as a Minotaur Berserker on May 31, 2018.
             Was the Champion of Trog.
             Killed from afar by a lindwurm (45 damage)
             ... with a blast of flame
             ... on level 6 of the Lair of Beasts on June 1, 2018.
             The game lasted 01:18:07 (11716 turns).

eccles the Severer (Minotaur Berserker)            Turns: 11716, Time: 01:18:08

Health: -16/117    AC: 18    Str: 23    XL:     13   Next: 34%
Magic:  12/12      EV:  9    Int:  8    God:    Trog [******]
Gold:   518        SH: 13    Dex: 14    Spells: 12/12 levels left

rFire    . . .     SeeInvis .   x - +9 war axe of Hitijiuq {flame, Int+4}
rCold    + . .     Gourm    .   v - +3 buckler {rC+}
rNeg     . . .     Faith    .   C - +0 plate armour
rPois    +         Spirit   .   (helmet unavailable)
rElec    .         Reflect  +   P - +0 cloak
rCorr    .         Harm     .   (no gloves)
MR       ++...                  B - +0 pair of boots {run}
Stlth    ..........             s - +4 amulet of reflection
HPRegen  0.29/turn              k - ring of protection from magic
MPRegen  0.13/turn              I - ring of poison resistance

@: about to teleport, quick
A: retaliatory headbutt, horns 3, magic resistance 1
a: Berserk, Trog's Hand, Brothers in Arms, Burn Spellbooks, Renounce Religion


You were on level 6 of the Lair of Beasts.
You worshipped Trog.
Trog was exalted by your worship.
You were not hungry.

You visited 2 branches of the dungeon, and saw 14 of its levels.
You also visited: Labyrinth.

You collected 938 gold pieces.
You spent 420 gold pieces at shops.

Inventory:

Hand Weapons
 a - a +1 hand axe
 d - the +10 scimitar of Exoneration {flame, Int+7}
   (You took it off a minotaur in a labyrinth)

   It has been specially enchanted to burn those struck by it, causing extra
   injury to most foes and up to half again as much damage against particularly
   susceptible opponents.
   Big, fiery blades are also staple armaments of hydra-hunters.
   It affects your intelligence (+7).
 l - a +2 antimagic battleaxe
 n - a +0 battleaxe of freezing
 x - the +9 war axe of Hitijiuq (weapon) {flame, Int+4}
   (You found it on level 7 of the Dungeon)

   It has been specially enchanted to burn those struck by it, causing extra
   injury to most foes and up to half again as much damage against particularly
   susceptible opponents.
   Big, fiery blades are also staple armaments of hydra-hunters.
   It affects your intelligence (+4).
Missiles
 j - 14 javelins (quivered)
Armour
 v - a +3 buckler of cold resistance (worn)
 B - a +0 pair of boots of running (worn)
 C - a +0 plate armour (worn)
 P - a +0 cloak (worn)
Jewellery
 i - an uncursed ring of protection from fire
 k - a ring of protection from magic (left hand)
 m - an uncursed ring of ice
 q - an uncursed ring of magical power
 r - an uncursed ring of protection from magic
 s - a +4 amulet of reflection (around neck)
 w - an uncursed ring of see invisible
 E - a cursed ring of wizardry
 I - a ring of poison resistance (right hand)
 L - a +2 ring of protection
 R - the amulet "Worag" {RegenMP rC+}
   (You found it in a labyrinth)

   [amulet of magic regeneration]

   It increases your magic regeneration.
   It protects you from cold.
Wands
 o - a wand of polymorph (26)
 p - a wand of digging (15)
 z - a wand of acid (17)
 A - a wand of disintegration (12)
 G - a wand of iceblast (8)
 J - a wand of flame (60)
 M - a wand of random effects (32)
 Q - a wand of paralysis (14)
Scrolls
 f - 4 scrolls of teleportation
 g - 2 scrolls of identify
 h - 3 scrolls of enchant weapon
 t - 11 scrolls of remove curse
 y - a scroll of blinking
Potions
 e - 5 potions of curing
 u - a potion of heal wounds
 F - 3 potions of mutation
 K - a potion of haste
 N - a potion of invisibility
 O - a potion of might
Comestibles
 c - 35 rations


   Skills:
 + Level 11.9 Fighting
 * Level 18.4 Axes
 + Level 1.4 Throwing
 + Level 12.4 Armour
 + Level 3.7 Dodging
 + Level 1.5 Stealth
 + Level 8.2 Shields


You had 12 spell levels left.
You didn't know any spells.

Dungeon Overview and Level Annotations

Branches:
Dungeon (8/15)             Temple (0/1) D:5            Lair (6/6) D:8
 Shoals (0/4) Lair:2        Snake (0/4) Lair:3        Slime (0/5) Lair:5

Altars:
Ashenzari
Dithmenos
Fedhas
Hepliaklqana
Kikubaaqudgha
Ru
Sif Muna
Trog
Uskayaw
Vehumet
Xom
Zin
The Shining One
Jiyva

Shops:
D:7 !

Annotations:
D:7 exclusion: oklob plant
Lair:4 exclusion: 2 oklob plants


Innate Abilities, Weirdness & Mutations

You reflexively headbutt those who attack you in melee.
You have a pair of large horns on your head.
You are resistant to hostile enchantments. (MR+)


Message History

The crocodile is engulfed in calcifying dust.
You slice the catoblepas!! You burn the catoblepas.
You kill the catoblepas!
Trog accepts your kill.
The crocodile is engulfed in calcifying dust. x2
The crocodile is engulfed in calcifying dust.
The crocodile is engulfed in calcifying dust. x2
The helpless crocodile fails to defend itself.
You open the crocodile like a pillowcase!!!
You burn the crocodile!
You kill the crocodile!
Trog accepts your kill. The lindwurm breathes flames at you.
The blast of flame hits you!
* * * LOW HITPOINT WARNING * * *
As you read the scroll of teleportation, it crumbles to dust.
You feel strangely unstable. The lindwurm breathes flames at you.
The blast of flame hits you!
You die...

,,,,,,***,,,,..,.P.*## #......
,,,,,****,,,,,.....#.# ##......
,,,,**,*,,,,***.#....#####....#.#
**,***,,,,,,*,,,k.....##......#..
*** **,,,,,*,,,#.#...###...#.#..
*,,*,,,*,,,#.k.###(###..÷÷..
**,,,*****###.......#...####
*,,*,,,,,*#P...†#...#....P##
**,,,,,,,*#@..†.#.........##
###**,,,,,,*##....#####....###
*###.#***,,,,,* #............###.
#.P.#.#***,,,,* ##.#........## ##
.......###***** #####...#### #
.........####### ############# ##
...............###..###.###..###.
..................(.....)...<..[<
.................................


You could see a lindwurm.

Vanquished Creatures
  A minotaur (Lab)
  3 hydras
  A catoblepas (Lair:6)
  7 death yaks
  The ghost of TheDeathLetter the Grappler, a novice TrMo of Okawaru (D:7)
  Pikel (D:7)
  A manticore (Lair:6)
  7 elephants (Lair:6)
  4 black mambas
  Psyche (D:8)
  A guardian serpent (Lair:3)
  Joseph (D:7)
  14 spiny frogs
  2 komodo dragons
  2 rime drakes (Lair:6)
  2 polar bears
  A troll (D:8)
  9 hippogriffs
  5 blink frogs
  A dream sheep (Lair:6)
  Prince Ribbit (D:8)
  A slime creature (Lair:4)
  30 yaks
  3 wyverns
  2 basilisks
  3 wargs (D:8)
  5 water moccasins
  3 porcupines
  An orc warrior (D:8)
  A black bear (D:8)
  3 ice beasts
  A phantom (D:8)
  7 wolves (Lair:6)
  3 slaves (D:7)
  2 centaurs
  An ogre (D:6)
  15 crocodiles
  8 bullfrogs
  2 scorpions
  3 killer bees (D:7)
  3 crimson imps
  12 jellies
  2 bullfrog zombies (D:7)
  A bullfrog skeleton (D:6)
  4 orc priests
  4 orc wizards
  An iguana (D:6)
  2 worker ants (D:4)
  A worker ant zombie (D:7)
  8 adders
  10 oozes
  6 worms
  3 dart slugs
  6 leopard geckos
  43 orcs
  3 giant cockroaches
  8 goblins
  9 hobgoblins
  8 jackals
  3 quokkas
  7 bats
  4 frilled lizards
  10 kobolds
  A quokka skeleton (D:5)
  6 rats
  3 fungi
328 creatures vanquished.

Vanquished Creatures (others)
  A dream sheep (Lair:6)
  8 fungi
  10 plants
19 creatures vanquished.

Grand Total: 347 creatures vanquished

Notes
Turn   | Place    | Note
-------+----------+-------------------------------------------
     0 | D:1      | eccles the Minotaur Berserker began the quest for the Orb.
     0 | D:1      | Reached XP level 1. HP: 19/19 MP: 0/0
   156 | D:1      | Reached skill level 4 in Axes
   156 | D:1      | Reached XP level 2. HP: 25/27 MP: 1/1
   815 | D:2      | Found a hide-covered altar of Uskayaw.
   816 | D:2      | Noticed a hand axe
   816 | D:2      | Noticed a hand axe
   824 | D:2      | Reached XP level 3. HP: 33/33 MP: 2/2
  1329 | D:2      | Gained mutation: You are clumsy. (Dex -2) [potion of mutation]
  1329 | D:2      | Gained mutation: Scrolls take you a little longer to read. [potion of mutation]
  1329 | D:2      | Gained mutation: Your movements are slightly less encumbered by armour. (ER -2) [potion of mutation]
  1361 | D:2      | Found a sacrificial altar of Ru.
  1436 | D:2      | Found a glowing silver altar of Zin.
  1532 | D:3      | Reached ** piety under Trog
  1538 | D:3      | Reached XP level 4. HP: 41/41 MP: 3/3
  1540 | D:3      | Reached skill level 5 in Axes
  1831 | D:3      | Found a shimmering altar of Xom.
  1940 | D:3      | Found a bloodstained altar of Trog.
  1947 | D:3      | Reached XP level 5. HP: 39/47 MP: 4/4
  1968 | D:3      | Reached *** piety under Trog
  2071 | D:3      | Found a deep blue altar of Sif Muna.
  2072 | D:3      | Found an ancient bone altar of Kikubaaqudgha.
  2075 | D:3      | Found a radiant altar of Vehumet.
  2451 | D:4      | Noticed an ice beast
  2456 | D:4      | Killed an ice beast
  2456 | D:4      | Reached skill level 6 in Axes
  2464 | D:4      | Reached XP level 6. HP: 55/55 MP: 5/5
  2581 | D:4      | Found Sippouc's Food Emporium.
  2587 | D:4      | Reached skill level 5 in Fighting
  2592 | D:4      | Bought a ration for 50 gold pieces
  2592 | D:4      | Bought a ration for 50 gold pieces
  2592 | D:4      | Bought a ration for 50 gold pieces
  2592 | D:4      | Bought a ration for 50 gold pieces
  2632 | D:4      | Reached skill level 7 in Axes
  2793 | D:5      | Entered Level 5 of the Dungeon
  2888 | D:5      | Found a shadowy altar of Dithmenos.
  3008 | D:5      | Found a staircase to the Ecumenical Temple.
  3302 | D:5      | Found a shattered altar of Ashenzari.
  3351 | D:5      | Reached XP level 7. HP: 61/61 MP: 6/6
  3471 | D:5      | Found a glowing golden altar of the Shining One.
  3538 | D:6      | Noticed a hippogriff
  3550 | D:6      | Killed a hippogriff
  3550 | D:6      | Reached skill level 8 in Axes
  3550 | D:6      | Reached skill level 5 in Armour
  3766 | D:6      | Reached **** piety under Trog
  3842 | D:6      | Reached skill level 9 in Axes
  3886 | D:6      | Reached XP level 8. HP: 26/69 MP: 7/7
  4655 | D:4      | Bought a ration for 50 gold pieces
  4655 | D:4      | Bought a ration for 50 gold pieces
  4655 | D:4      | Bought a ration for 50 gold pieces
  4773 | D:7      | Noticed a hippogriff
  4787 | D:7      | Killed a hippogriff
  4947 | D:7      | Found a blossoming altar of Fedhas.
  4965 | D:7      | Noticed an oklob plant
  5290 | D:7      | Noticed TheDeathLetter's ghost (novice TrMo)
  5318 | D:7      | Killed TheDeathLetter's ghost
  5318 | D:7      | Reached skill level 10 in Axes
  5318 | D:7      | Reached skill level 1 in Shields
  5449 | D:7      | Reached XP level 9. HP: 44/78 MP: 8/8
  5556 | D:7      | Noticed Pikel
  5583 | D:7      | Killed Pikel
  5583 | D:7      | Reached skill level 11 in Axes
  5646 | D:7      | Got a brightly glowing war axe
  5647 | D:7      | Identified the +9 war axe of Hitijiuq {flame, Int+4} (You found it on level 7 of the Dungeon)
  5684 | D:7      | Noticed Joseph
  5696 | D:7      | Killed Joseph
  5835 | D:7      | Found Zotoor's Distillery.
  5908 | D:7      | Bought a potion of heal wounds for 70 gold pieces
  5991 | D:8      | Noticed Psyche
  5996 | D:8      | Killed Psyche
  5996 | D:8      | Reached skill level 12 in Axes
  6125 | D:8      | Reached ***** piety under Trog
  6150 | D:8      | Identified a scroll of acquirement
  6156 | D:8      | Identified a +0 pair of boots of running (You acquired it on level 8 of the Dungeon)
  6202 | D:8      | Found a hazy altar of Hepliaklqana.
  6250 | D:8      | Noticed a troll
  6252 | D:8      | Noticed Prince Ribbit
  6255 | D:8      | Killed a troll
  6255 | D:8      | Reached XP level 10. HP: 85/86 MP: 9/9
  6267 | D:8      | Killed Prince Ribbit
  6306 | D:8      | Reached skill level 13 in Axes
  6437 | D:8      | Found a staircase to the Lair.
  6580 | Lair:1   | Entered Level 1 of the Lair of Beasts
  6618 | Lair:1   | Noticed a black mamba
  6619 | Lair:1   | Noticed a spiny frog
  6622 | Lair:1   | Killed a black mamba
  6628 | Lair:1   | Killed a spiny frog
  6671 | Lair:1   | Reached skill level 14 in Axes
  6814 | Lair:1   | Noticed a spiny frog
  6818 | Lair:1   | Killed a spiny frog
  6957 | Lair:1   | Noticed a spiny frog
  6967 | Lair:1   | Killed a spiny frog
  6979 | Lair:1   | Noticed a spiny frog
  6986 | Lair:1   | Killed a spiny frog
  7103 | Lair:1   | Lost mutation: Scrolls take you a little longer to read. [potion of mutation]
  7103 | Lair:1   | Lost mutation: Your movements are slightly less encumbered by armour. (ER -2) [potion of mutation]
  7103 | Lair:1   | Lost mutation: You are clumsy. (Dex -2) [potion of mutation]
  7103 | Lair:1   | Gained mutation: You are resistant to hostile enchantments. (MR+) [potion of mutation]
  7103 | Lair:1   | Gained mutation: You have a pair of large horns on your head. [potion of mutation]
  7133 | Lair:2   | Reached XP level 11. HP: 61/95 MP: 10/10
  7134 | Lair:2   | Reached skill level 15 in Axes
  7556 | Lair:2   | Found a staircase to the Shoals.
  7986 | Lair:3   | Reached skill level 16 in Axes
  7986 | Lair:3   | Reached skill level 5 in Shields
  8048 | Lair:3   | Noticed a five-headed hydra
  8054 | Lair:3   | Killed a one-headed hydra
  8054 | Lair:3   | Reached skill level 10 in Armour
  8675 | Lair:3   | Found a staircase to the Snake Pit.
  8743 | Lair:4   | Found a radiant altar of Vehumet.
  8766 | Lair:4   | Reached skill level 1 in Stealth
  8844 | Lair:4   | Received a gift from Trog
  8844 | Lair:4   | Reached skill level 10 in Fighting
  8847 | Lair:4   | Reached XP level 12. HP: 86/106 MP: 11/11
  9047 | Lair:4   | Reached ****** piety under Trog
  9047 | Lair:4   | Received a gift from Trog
  9704 | Lair:5   | Found a viscous altar of Jiyva.
  9704 | Lair:5   | Found a staircase to the Slime Pits.
  9764 | Lair:5   | Reached skill level 17 in Axes
 10012 | Lair:5   | Reached skill level 1 in Throwing
 10101 | Lair:5   | Noticed a death yak
 10101 | Lair:5   | Noticed a death yak
 10102 | Lair:5   | Noticed a death yak
 10102 | Lair:5   | Noticed a death yak
 10103 | Lair:5   | Noticed a death yak
 10120 | Lair:5   | Killed a death yak
 10124 | Lair:5   | Killed a death yak
 10128 | Lair:5   | Killed a death yak
 10130 | Lair:5   | Killed a death yak
 10131 | Lair:5   | Killed a death yak
 10511 | Lair:6   | Entered Level 6 of the Lair of Beasts
 10605 | Lair:6   | Found a labyrinth entrance.
 10642 | Lab      | Entered a labyrinth
 10836 | Lab      | Noticed a minotaur
 10843 | Lab      | Killed a minotaur
 10846 | Lab      | Got an ancient scimitar {flame}
 10856 | Lab      | Got a shimmering bronze amulet
 10871 | Lair:6   | Identified the amulet "Worag" {RegenMP rC+} (You found it in a labyrinth)
 10872 | Lair:6   | Identified the +10 scimitar of Exoneration {flame, Int+7} (You took it off a minotaur in a labyrinth)
 11202 | Lair:6   | Reached XP level 13. HP: 110/116 MP: 12/12
 11219 | Lair:6   | Reached skill level 18 in Axes
 11716 | Lair:6   | Killed from afar by a lindwurm

Skill      XL: |  1  2  3  4  5  6  7  8  9 10 11 12 13 |
---------------+----------------------------------------+-----
Axes           | 4 5 6 7 9 10 12 14 16 17 18 | 18.4
Fighting       | 4 5 6 7 8 10 11 | 11.9
Armour         | 3 4 5 7 8 9 10 11 12 | 12.4
Dodging        | 3 |  3.7
Shields        | 1 3 4 6 7 8 |  8.2
Stealth        | 1 |  1.5
Throwing       | 1 |  1.4

Action                   |  1- 3 |  4- 6 |  7- 9 | 10-12 | 13-15 || total
-------------------------+-------+-------+-------+-------+-------++-------
Melee: Hand axe          |    67 |   193 |   175 |       |       ||   435
       Headbutt          |     9 |    26 |    47 |    78 |    15 ||   175
       War axe           |       |       |    49 |   352 |    61 ||   462
Throw: Javelin           |       |       |       |     3 |       ||     3
Invok: Burn Spellbooks   |       |     2 |     1 |     4 |       ||     7
       Berserk           |       |       |     1 |     1 |       ||     2
Evoke: Wand              |       |       |       |       |     2 ||     2
  Use: Scroll            |     9 |     7 |     3 |    13 |     1 ||    33
       Potion            |     3 |     1 |     5 |     3 |       ||    12
 Stab: Petrified         |       |       |       |       |     4 ||     4
  Eat: Chunk             |     1 |     7 |     3 |    16 |     1 ||    28
       Ration            |       |       |     2 |       |       ||     2
Armor: Chain mail        |    47 |    83 |    94 |    15 |       ||   239
       Plate armour      |       |       |       |    95 |    27 ||   122
Dodge: Dodged            |    32 |    85 |    78 |    66 |    12 ||   273
Block: Other             |       |    18 |    20 |       |       ||    38
       Reflection        |       |     3 |     3 |     1 |     1 ||     8
       Buckler           |       |       |    40 |   128 |    28 ||   196
